 Dungeon Crawl Stone Soup version 0.24.0-37-gcf1ca852f1 (webtiles) character file.

Game seed: 4739386932848211077, levelgen mode: deterministic

992905 poire the Slayer (level 27, -2/289 HPs)
             Began as a Gargoyle Fighter on Nov 20, 2019.
             Was the Champion of Cheibriados.
             Slain by Ereshkigal (7 damage)
             ... on level 7 of Tartarus on Nov 21, 2019.
             The game lasted 02:34:44 (82934 turns).

poire the Slayer (Gargoyle Fighter)                Turns: 82934, Time: 02:34:45

Health: -2/289     AC: 33    Str: 46    XL:     27
Magic:  27/36      EV:  2    Int: 26    God:    Cheibriados [******]
Gold:   6699       SH: 29    Dex: 44    Spells: 47/54 levels left

rFire    + + +     SeeInvis +   a - +9 war axe "Dukk" {pain, Str+2 Dex+3}
rCold    + + +     Gourm    .   H - +5 shield {rC+}
rNeg     + + +     Faith    .   (armour currently unavailable)
rPois    ∞         Spirit   .   (helmet currently unavailable)
rElec    +         Reflect  +   (cloak currently unavailable)
rCorr    +         Harm     .   (gloves currently unavailable)
MR       ++...     Rnd*Rage +   (boots currently unavailable) Stlth +++++++++.NoTele +
                                l - amulet "Moisk" {Reflect rF++ rN+ SH+2}
HPRegen  0.58/turn              v - ring "Hagonop" {rElec Str+4 Dex+4 SInv}
MPRegen  0.25/turn              J - ring of Naleg {rC+ rN+ Str+3 Dex+4}

@: tree-form, resistant, studying Conjurations, silenced, very slow
A: berserk 1, blurry vision 1, low mp 1, mutation resistance 1, negative energy
resistance 1, petrification resistance, no potion heal 1, rot immunity, AC +20
}: 6/15 runes: barnacled, slimy, silver, iron, icy, gossamer
a: Renounce Religion


You were on level 7 of Tartarus.
You worshipped Cheibriados.
Cheibriados was exalted by your worship.
You were completely stuffed.
You were a tree.
You visited 17 branches of the dungeon, and saw 81 of its levels.
You visited the Abyss 1 time.
You also visited: Trove.

You collected 10677 gold pieces.
You spent 3978 gold pieces at shops.

Inventory:

Hand Weapons
 a - the +9 war axe "Dukk" (weapon) {pain, Str+2 Dex+3}
   (You found it on level 7 of the Dungeon)

   In the hands of one skilled in necromantic magic, it inflicts extra damage on
   living creatures.
   It affects your strength (+2).
   It affects your dexterity (+3).
 b - a +9 hand crossbow of flaming
Missiles
 d - 2242 bolts
 u - 118 boomerangs (quivered)
 z - 5 throwing nets
Armour
 r - a +2 helmet (melded)
 A - a +2 pair of boots (melded)
 H - a +5 shield of cold resistance (worn)
 V - the +3 pair of gloves of Words of Power (melded) {Regen+ MP-9 Dex+10}
   (You bought it in a shop on level 2 of the Orcish Mines)

   It affects your dexterity (+10).
   It affects your magic capacity (-9).
   It increases your rate of regeneration.
 W - the +1 plate armour "Apleq" (melded) {rN+ rCorr Stlth-}
   (You bought it in a shop on level 2 of the Orcish Mines)

   It protects you from negative energy.
   It provides partial protection from all sources of acid and corrosion.
   It makes you less stealthy.
 X - the +3 cloak of Enkefem (melded) {rCorr Dex+4}
   (You bought it in a shop on level 2 of the Orcish Mines)

   It affects your dexterity (+4).
   It provides partial protection from all sources of acid and corrosion.
 Y - a scarf of cloud immunity
Jewellery
 c - the ring of the Invisible Hand {rF+ rN+ Int+4}
   (You found it on level 3 of the Crypt)

   [ring of positive energy]

   It affects your intelligence (+4).
   It protects you from fire.
   It protects you from negative energy.
 h - the ring "Yngaenk" {+Blink rN+ MR+++ EV+4 Str-5}
   (You found it on level 7 of the Iron City of Dis)

   [ring of evasion]

   It affects your evasion (+4).
   It affects your strength (-5).
   It protects you from negative energy.
   It affects your resistance to hostile enchantments.
   It lets you blink.
 j - the amulet "Adan" {Gourm rPois rF- Int+7 SInv}
   (You found it on level 7 of the Iron City of Dis)

   [amulet of the gourmand]

   It allows you to eat raw meat even when not hungry.
   It affects your intelligence (+7).
   It makes you vulnerable to fire.
   It protects you from poison.
   It lets you see invisible.
 l - the amulet "Moisk" (around neck) {Reflect rF++ rN+ SH+2}
   (You found it in a treasure trove)

   [amulet of reflection]

   It shields you and reflects attacks.
   It greatly protects you from fire.
   It protects you from negative energy.
   It affects your SH (+2).
 n - an uncursed ring of resist corrosion
 p - a +5 ring of evasion
 t - the ring of the Equinox {rC+ rN+ MR+}
   (You took it off a deep elf blademaster on level 3 of the Elven Halls)

   [ring of protection from cold]

   It protects you from cold.
   It protects you from negative energy.
   It affects your resistance to hostile enchantments.
 v - the ring "Hagonop" (left branch) {rElec Str+4 Dex+4 SInv}
   (You found it in a treasure trove)

   [ring of see invisible]

   It affects your strength (+4).
   It affects your dexterity (+4).
   It insulates you from electricity.
   It lets you see invisible.
 J - the ring of Naleg (right branch) {rC+ rN+ Str+3 Dex+4}
   (You found it on level 1 of the Crypt)

   [ring of protection from cold]

   It affects your strength (+3).
   It affects your dexterity (+4).
   It protects you from cold.
   It protects you from negative energy.
 L - the ring of Iqism {-Tele rC+ rN++ Str+2 Dex+6}
   (You found it on level 5 of the Pits of Slime)

   [ring of dexterity]

   It affects your strength (+2).
   It affects your dexterity (+6).
   It protects you from cold.
   It greatly protects you from negative energy.
   It prevents most forms of teleportation.
 P - an uncursed ring of protection from fire
 T - the amulet of Byseg {rN+++ Regen+ Str-3 Int+4 Stlth+}
   (You found it on level 7 of the Iron City of Dis)

   [amulet of regeneration]

   It affects your strength (-3).
   It affects your intelligence (+4).
   It renders you almost immune to negative energy.
   It increases your rate of regeneration.
   It makes you more stealthy.
Wands
 o - a wand of enslavement (30)
 B - a wand of digging (28)
 D - a wand of paralysis (14)
 K - a wand of iceblast (43)
 M - a wand of polymorph (25)
 O - a wand of disintegration (29)
Scrolls
 g - 3 scrolls of holy word
 q - 10 scrolls of teleportation
 s - 29 scrolls of remove curse
 x - 10 scrolls of magic mapping
 I - 3 scrolls of fog
 N - 2 scrolls of blinking
 S - 5 scrolls of fear
Potions
 w - 7 potions of lignification
 E - 5 potions of resistance
 R - 2 potions of ambrosia
 U - 7 potions of invisibility
Books
 m - a manual of Conjurations
Miscellaneous
 e - the horn of Geryon
Comestibles
 f - 60 rations


   Skills:
 - Level 25.4 Fighting
 - Level 20.9(22.3) Axes
   Level 15.8(20.8) Maces & Flails
 - Level 10.1 Crossbows
 - Level 23.7 Armour
 - Level 21.2 Dodging
 - Level 20.5 Stealth
 - Level 22.0 Shields
 + Level 14.0 Spellcasting
 * Level 2.3 Conjurations
 + Level 21.3 Invocations
 - Level 14.0 Evocations


You had 47 spell levels left.
You knew the following spells:

 Your Spells              Type           Power        Failure   Level  Hunger
a - Infusion              Chrm           ###.         3%          1    None
b - Song of Slaying       Chrm           ###.....     4%          2    None
c - Blink                 Tloc           N/A          4%          2    None
d - Passwall              Tmut/Erth      ###.....     4%          2    None

Your spell library contained the following spells:

 Spells                   Type           Power        Failure   Level  Hunger
 Flame Tongue             Conj/Fire      ###..        1%          1    None
 Magic Dart               Conj           ####         1%          1    None
 Shock                    Conj/Air       ###.         1%          1    None
 Animate Skeleton         Necr           N/A          3%          1    None
 Apportation              Tloc           ###...       3%          1    None
 Beastly Appendage        Tmut           ###...       3%          1    None
 Confusing Touch          Hex            ###...       3%          1    None
 Freeze                   Ice            ###.         3%          1    None
 Pain                     Necr           ###.         3%          1    None
 Summon Butterflies       Summ           ###.....     3%          1    None
 Summon Small Mammal      Summ           ###.         3%          1    None
 Throw Flame              Conj/Fire      ###...       3%          2    None
 Throw Frost              Conj/Ice       ###...       3%          2    None
 Call Imp                 Summ           ###.....     4%          2    None
 Corpse Rot               Necr           N/A          4%          2    None
 Ensorcelled Hibernation  Hex/Ice        ###...       4%          2    None
 Poisonous Vapours        Pois/Air       ###...       4%          2    None
 Shroud of Golubria       Chrm/Tloc      ###...       4%          2    None
 Slow                     Hex            ###.....     4%          2    None
 Sticks to Snakes         Tmut           ###.....     4%          2    None
 Swiftness                Chrm/Air       ###.....     4%          2    None
 Conjure Flame            Conj/Fire      ###.....     6%          3    None
 Static Discharge         Conj/Air       ###.....     6%          3    None
 Stone Arrow              Conj/Erth      ###...       6%          3    None
 Mephitic Cloud           Conj/Pois/Air  ###.....     7%          3    None
 Call Canine Familiar     Summ           ###.....     9%          3    None
 Confuse                  Hex            ###.....     9%          3    None
 Gell's Gravitas          Tloc           ###.......   9%          3    None
 Ignite Poison            Fire/Tmut/Pois ###.....     9%          3    None
 Inner Flame              Hex/Fire       ###.....     9%          3    None
 Ozocubu's Armour         Chrm/Ice       ###.....     9%          3    None
 Portal Projectile        Hex/Tloc       ###...       9%          3    None
 Recall                   Summ/Tloc      N/A          9%          3    None
 Regeneration             Chrm/Necr      ###.......   9%          3    None
 Spectral Weapon          Hex/Chrm       ###.....     9%          3    None
 Spider Form              Tmut/Pois      ###.......   9%          3    None
 Vampiric Draining        Necr           ###.......   9%          3    None
 Iskenderun's Mystic Bla  Conj           ####....     12%         4    None
 Force Lance              Conj/Tloc      ###.....     19%         4    None
 Fulminant Prism          Conj/Hex       ###.......   19%         4    None
 Sticky Flame             Conj/Fire      ###.....     19%         4    None
 Throw Icicle             Conj/Ice       ###.....     19%         4    None
 Airstrike                Air            ###.......   30%         4    None
 Animate Dead             Necr           N/A          30%         4    None
 Cause Fear               Hex            ###.......   30%         4    None
 Ice Form                 Ice/Tmut       ###.....     30%         4    None
 Leda's Liquefaction      Hex/Erth       ###.......   30%         4    None
 Passage of Golubria      Tloc           N/A          30%         4    None
 Petrify                  Tmut/Erth      ###.....     30%         4    None
 Summon Ice Beast         Ice/Summ       ###.....     30%         4    None
 Summon Lightning Spire   Summ/Air       ###.....     30%         4    None
 Bolt of Draining         Conj/Necr      ###.......   47%         5    ##.....
 Fireball                 Conj/Fire      ###.......   47%         5    ##.....
 Iskenderun's Battlesphe  Conj/Chrm      ###.....     47%         5    ##.....
 Lightning Bolt           Conj/Air       ###.......   47%         5    ##.....
 Venom Bolt               Conj/Pois      ###.......   47%         5    ##.....
 Bolt of Magma            Conj/Fire/Erth ###.......   52%         5    ##.....
 Agony                    Necr           ###.....     63%         5    ##.....
 Aura of Abjuration       Summ           ###.......   63%         5    ##.....
 Blade Hands              Tmut           ###.......   63%         5    ##.....
 Borgnjor's Vile Clutch   Necr/Erth      ###.......   63%         5    ##.....
 Dispel Undead            Necr           ###.....     63%         5    ##.....
 Excruciating Wounds      Chrm/Necr      ###.......   63%         5    ##.....
 Lee's Rapid Deconstruct  Erth           ###.......   63%         5    ##.....
 Metabolic Englaciation   Hex/Ice        ###.......   63%         5    ##.....
 Silence                  Hex/Air        ###.......   63%         5    ##.....
 Summon Demon             Summ           ###.......   63%         5    ##.....
 Summon Forest            Summ/Tloc      ###.......   63%         5    ##.....
 Summon Mana Viper        Hex/Summ       ###.....     63%         5    ##.....
 Yara's Violent Unravell  Hex/Tmut       ###.......   63%         5    ##.....
 Bolt of Fire             Conj/Fire      ###.......   96%         6    ####...
 Conjure Ball Lightning   Conj/Air       ###.......   96%         6    ####...
 Iron Shot                Conj/Erth      ###.......   96%         6    ####...
 Poison Arrow             Conj/Pois      ###.......   96%         6    ####...
 Freezing Cloud           Conj/Ice/Air   ###.......   98%         6    ####...
 Darkness                 Hex            ###.......   99%         6    ####...
 Deflect Missiles         Chrm/Air       ###.......   99%         6    ####...
 Dispersal                Tloc           ###.......   99%         6    ####...
 Hydra Form               Tmut           ###.......   99%         6    ####...
 Invisibility             Hex            ###.....     99%         6    ####...
 Shadow Creatures         Summ           N/A          99%         6    ####...
 Dragon Form              Tmut           ###.......   100%        7    ######.
 Orb of Destruction       Conj           ####......   100%        7    ######.
 Ring of Flames           Chrm/Fire      ###.......   100%        7    ######.
 Spellforged Servitor     Conj/Summ      ###.......   100%        7    ######.
 Summon Hydra             Summ           ###.......   100%        7    ######.
 Chain Lightning          Conj/Air       ###.......   100%        8    #######
 Controlled Blink         Tloc           N/A          100%        8    #######
 Disjunction              Tloc           ###.......   100%        8    #######
 Ignition                 Fire           ###.......   100%        8    #######
 Lehudib's Crystal Spear  Conj/Erth      ###.......   100%        8    #######
 Dragon's Call            Summ           ###.......   100%        9    #######
 Fire Storm               Conj/Fire      ###.......   100%        9    #######
 Glaciate                 Conj/Ice       ###.......   100%        9    #######
 Tornado                  Air            ###.......   100%        9    #######
 Sublimation of Blood     Necr           Unusable     N/A         2    N/A
 Statue Form              Tmut/Erth      Unusable     N/A         6    N/A

Dungeon Overview and Level Annotations

Branches:
Dungeon (15/15)            Temple (1/1) D:6            Lair (6/6) D:9
 Shoals (4/4) Lair:4       Spider (4/4) Lair:3        Slime (5/5) Lair:5
    Orc (2/2) D:10            Elf (3/3) Orc:2        Vaults (5/5) D:13
  Crypt (3/3) Vaults:3       Tomb (1/3) Crypt:3      Depths (5/5) D:15
   Hell (visited)             Dis (7/7) Hell            Geh (0/7) Hell
    Coc (7/7) Hell            Tar (7/7) Hell            Zot (5/5) Depths:5

Altars:
Ashenzari
Cheibriados
Dithmenos
Elyvilon
Fedhas
Gozag
Hepliaklqana
Kikubaaqudgha
Makhleb
Nemelex Xobeh
Okawaru
Qazlal
Ru
Sif Muna
Trog
Uskayaw
Vehumet
Wu Jian
Xom
Yredelemnul
Zin
The Shining One
Beogh
Jiyva
Lugonu

Shops:
D:5 *   Orc:2 [[:}   Shoals:1 ?   Vaults:2 *   Vaults:3 *   Vaults:5 [!=
Depths:1 =}=

Portals:
Hell: Depths:1 Depths:2 Depths:3 Depths:4 Depths:5
Abyss: Depths:4
Pandemonium: Depths:3
Ziggurat: Depths:1

Annotations:
D:5 3 runed translucent doors, Iamsoldier's ghost, novice DrTm; Nilihum's ghost, novice OgBe
Elf:1 2 runed translucent doors, EmberCloud's ghost, journeyman DsGl
Tar:7 Ereshkigal


Innate Abilities, Weirdness & Mutations

You are resistant to torment.
((Your stone body is resilient. (AC +20)))
You are immune to poison.
((Your large and strong wings let you fly indefinitely.))
You resist negative energy. (rN+)
((You are resistant to electric shocks. (rElec)))
((You can survive without breathing.))
You are immune to petrification.
You are immune to rotting.
((You have large cloven feet.))
((You are partially covered in thin metallic scales. (AC +2)))
You tend to lose your temper in combat.
Scrolls take you a little longer to read.
((Your flesh is cold resistant. (rC+)))
Your magical capacity is low. (-10% MP)
You are somewhat resistant to further mutation.
Potions are less effective at restoring your health.


Message History

You resist.
The bolt of negative energy hits the jiangshi.
The jiangshi completely resists.
The bolt of negative energy hits the Tzitzimitl.
The Tzitzimitl completely resists.
The vampire mage hits you but does no damage.
The vampire mage bites you.
* * * LOW HITPOINT WARNING * * *
The reaper hits you but does no damage. Ereshkigal completely misses you.
You slash the Tzitzimitl!
The Tzitzimitl is almost dead.
You hit the jiangshi but do no damage. You slash the vampire mage!
You hit the jiangshi. You hit Ereshkigal. You block the jiangshi's attack. x3
The jiangshi claws you but does no damage.
The reaper hits you from afar with a +1 scythe of venom!!
* * * LOW HITPOINT WARNING * * *
You block the Tzitzimitl's attack. The Tzitzimitl bites you!
* * * LOW HITPOINT WARNING * * *
Ereshkigal hits you!
You die...

#..................... #.
#..........##V.....#.. #.
#.........####.....#..
#..#.........####....## .
#..##.........##.....# #..#
#...##...............# .#..#
#...##.Zn2..........# .#..#
#...###&2..........# .#..#
####..)1♣V1..........#
.#..#####.:##...VV............#
.#......#..###2'#''###..........
.#...[..'.).#...'....###........
.'......'...'...'......###......
.'......#...'...###..... ##...
.####################... ## .#
###.....###. .# ###....∩....###


You could see Ereshkigal, 2 Tzitzimimeh, 2 reapers, a blizzard demon, 2
jiangshi, a vampire mage and a necrophage.

Vanquished Creatures
  Antaeus (Coc:7)
  the Royal Jelly (Slime:5)
  Dispater (Dis:7)
  4 ancient liches
  Tiamat (Zot:5)
  Mara (Depths:3)
  An orb of fire (Zot:4)
  Mennas (Crypt:2)
  The ghost of Ruen the Axe Maniac, a veteran MiFi of Jiyva (Zot:2)
  2 greater mummies (Tomb:1)
  Boris (Tomb:1)
  20 shard shrikes
  The ghost of corvin the Brawler, a veteran TrBe of Trog (Vaults:4)
  9 Killer Klowns
  Bai Suzhen (Vaults:5)
  A caustic shrike (Depths:4)
  Geryon (Hell)
  6 golden dragons
  Nikola (Shoals:1)
  A profane servitor (Crypt:3)
  15 bone dragons
  the Enchantress (Depths:5)
  5 doom hounds (Tar:6)
  7 Brimstone Fiends
  2 electric golems (Zot:2)
  2 hellephants (Zot:4)
  19 Tzitzimimeh
  The ghost of theMacoje the Slayer, an adept OgAM of Hepliaklqana (Vaults:4)
  6 Hell Sentinels (Dis:7)
  17 tentacled monstrosities
  27 Ice Fiends
  Rupert (Lair:3)
  7 liches
  10 iron giants
  A deep elf master archer (Elf:3)
  6 titans
  9 Orb Guardians (Zot:5)
  3 deep elf blademasters
  The ghost of TheWoodenMan the Warrior, an adept GrGl of Okawaru (Vaults:4)
  5 Executioners
  Gastronok (D:11)
  15 quicksilver dragons
  19 acid blobs
  7 death cobs
  10 sphinxes
  6 eldritch tentacles
  The ghost of Honoawumm the Brawler, an adept TrMo of Nemelex Xobeh (Depths:2)
  13 ancient champions
  8 tengu reavers
  9 storm dragons
  8 draconian monks
  The ghost of Kipt the Spry, an adept SpFE of Dithmenos (Vaults:4)
  10 fire giants
  2 revenants
  9 azure jellies
  15 shadow dragons
  13 deep elf sorcerers
  16 frost giants
  10 ghost moths
  11 iron dragons
  15 vault wardens
  3 draconian scorchers
  4 draconian knights (Zot:1)
  3 deep elf elementalists
  4 cacodemons
  3 balrugs
  9 draconian shifters
  An elemental wellspring (Coc:7)
  4 orc warlords
  4 emperor scorpions
  14 ironheart preservers
  5 draconian annihilators
  A ghoul (Crypt:3)
  25 very ugly things
  4 draconian stormcallers
  14 war gargoyles
  A juggernaut zombie (Depths:2)
  4 spriggan defenders
  81 reapers
  21 stone giants
  Nessos (D:15)
  21 green draconians
  5 entropy weavers
  10 deep elf demonologists
  17 vampire knights
  11 black draconians
  8 deep elf annihilators
  23 yellow draconians
  Azrael (Elf:2)
  2 lorocyprocas
  8 purple draconians
  16 red draconians
  4 spark wasps
  14 white draconians
  A dire elephant (Zot:4)
  Snorg (Orc:2)
  11 ettins
  4 merfolk javelineers
  7 death oozes
  18 blizzard demons
  8 mummy priests (Tomb:1)
  8 crystal guardians
  2 eidola
  10 deep elf death magi
  14 merfolk impalers
  8 quicksilver dragon zombies
  A kraken zombie (Coc:2)
  4 green deaths
  5 deep elf high priests
  13 great orbs of eyes
  20 yaktaur captains
  6 fire dragons
  26 jiangshi
  4 rakshasas
  5 hydras
  5 hell beasts
  29 vault guards
  A monstrous demonspawn (Depths:3)
  26 ice dragons
  A catoblepas (Lair:3)
  7 spriggan air magi
  3 quicksilver dragon skeletons
  2 merfolk avatars
  3 merfolk aquamancers (Shoals:4)
  10 death knights
  An alligator snapping turtle (Shoals:4)
  3 satyrs
  68 two-headed ogres
  8 centaur warriors
  4 tengu warriors
  26 dancing weapons
  6 vampire magi
  16 ogre magi
  5 deep troll shamans
  5 hell hogs
  7 titan zombies
  12 death yaks
  5 deep troll earth magi (Depths:3)
  3 thrashing horrors (Abyss:2)
  12 orc high priests
  A spectral dire elephant (Crypt:3)
  A shock serpent (shapeshifter) (Vaults:2)
  7 sun demons
  7 spriggan berserkers
  2 iron golems
  24 hell knights
  4 titan skeletons
  22 deep elf knights
  7 storm dragon zombies
  20 soul eaters
  5 shadow wraiths
  A sixfirhy (Abyss:2)
  9 storm dragon skeletons
  2 salamander mystics (Depths:5)
  A death drake (Tar:6)
  5 golden dragon zombies
  184 skeletal warriors
  A deep troll (shapeshifter) (Vaults:5)
  7 glowing orange brains
  10 deep trolls
  2 kraken simulacra
  A tengu zombie (Vaults:3)
  22 deep elf archers
  9 shadow dragon zombies
  2 unseen horrors
  13 sea snakes
  An obsidian statue (Depths:3)
  9 shadow demons
  18 anaconda zombies
  11 ironbrand convokers
  9 wizards
  2 ghost moth zombies
  A harpy (shapeshifter) (Vaults:3)
  11 flayed ghosts
  14 harpies
  2 orange crystal statues
  22 orc knights
  24 phantasmal warriors
  6 large abominations
  13 necromancers
  5 anaconda skeletons
  Pikel (D:5)
  8 golden dragon skeletons
  65 deep elf magi
  17 orb spiders
  4 fire giant zombies
  8 wolf spider zombies
  5 iron dragon zombies
  6 shadow dragon skeletons
  8 frost giant zombies
  36 wolf spiders
  3 oklob plants
  11 stone giant zombies
  31 ugly things
  22 fauns
  5 salamanders (Depths:5)
  A sphinx skeleton (Crypt:1)
  11 cyclopes
  5 orc sorcerers
  A manticore (shapeshifter) (Vaults:5)
  A salamander (shapeshifter) (Vaults:1)
  3 iron dragon skeletons
  6 fire giant skeletons
  22 elephants
  10 manticores
  9 shining eyes
  32 moths of wrath
  A shock serpent zombie (Dis:4)
  2 centaur zombies (D:15)
  An ice statue (Hell)
  10 merfolk sirens
  4 dire elephant zombies
  A moth of wrath (shapeshifter) (Vaults:5)
  A worldbinder (Abyss:2)
  19 vault sentinels
  4 black mambas
  An eye of devastation (shapeshifter) (Vaults:5)
  A titan simulacrum (Coc:7)
  71 rust devils
  5 spiny frogs
  10 water nymphs
  9 frost giant skeletons
  4 storm dragon simulacra (Coc:7)
  A naga mage (D:15)
  An eye of devastation (Slime:4)
  11 stone giant skeletons
  4 orange demons
  2 torpor snails (Spider:4)
  A smoke demon (Abyss:2)
  2 gargoyles
  A yaktaur zombie (Vaults:3)
  A minotaur zombie (Tar:7)
  21 hellions
  A rime drake (Lair:3)
  70 yaktaurs
  3 catoblepas zombies
  5 efreet
  7 komodo dragons
  16 red devils
  3 anaconda simulacra
  52 freezing wraiths
  4 dire elephant skeletons
  A catoblepas skeleton (Dis:4)
  4 emperor scorpion zombies
  17 demonic crawlers
  3 tengu conjurers
  2 ghost moth simulacra (Coc:7)
  54 ice devils
  57 tormentors
  26 merfolk
  11 guardian mummies (Tomb:1)
  2 purple draconian skeletons
  7 trolls
  A queen bee (D:10)
  A meliai (shapeshifter) (Depths:3)
  A silent spectre (Tar:6)
  4 trolls (shapeshifter)
  2 polar bears (shapeshifter)
  42 jumping spiders
  5 polar bears
  2 harpy skeletons
  4 harpy zombies
  Grinder (D:3)
  4 tyrant leeches (Spider:2)
  10 wind drakes
  19 hydra zombies
  19 hornets
  A blink frog (shapeshifter) (Vaults:2)
  11 hydra skeletons
  2 dream sheep (shapeshifter)
  164 slime creatures
  7 snapping turtles
  A hippogriff (shapeshifter) (Depths:2)
  9 hippogriffs
  A fire giant simulacrum (Coc:7)
  7 alligator zombies
  13 ettin zombies
  9 ice dragon zombies
  A slime creature (shapeshifter) (Depths:4)
  3 fire dragon zombies
  A stone giant simulacrum (Vaults:2)
  9 blink frogs
  23 dream sheep
  166 flying skulls
  A vampire (D:14)
  A frost giant simulacrum (Coc:2)
  2 human simulacra
  A redback (shapeshifter) (Vaults:5)
  An air elemental (Elf:1)
  An alligator skeleton (Dis:1)
  A spriggan skeleton (Depths:2)
  A centaur simulacrum (D:15)
  25 water elementals
  81 redbacks
  36 shadows
  17 spriggans
  4 ettin skeletons
  7 ice dragon skeletons
  A tarantella (shapeshifter) (Vaults:5)
  31 wraiths
  2 wyverns
  2 yaks (shapeshifter)
  37 tarantellas
  3 black mamba zombies
  A fire dragon skeleton (Tar:6)
  Eustachio (D:5)
  A ynoxinul (Abyss:2)
  33 yaks
  5 humans (Zot:4)
  4 basilisks
  11 fire elementals
  A black mamba skeleton (Crypt:1)
  A human (shapeshifter) (Vaults:1)
  13 golden eyes
  2 steam dragons
  A chaos spawn (Depths:3)
  7 hungry ghosts
  Edmund (D:5)
  A harpy simulacrum (Coc:7)
  A monstrous demonspawn zombie (Crypt:2)
  7 spatial vortices
  A merfolk zombie (Dis:7)
  8 spiny frog zombies
  7 wargs
  A soldier ant (shapeshifter) (Vaults:5)
  2 acid dragons
  An acid dragon (shapeshifter) (Vaults:5)
  18 water moccasins
  A floating eye (Depths:2)
  2 hydra simulacra
  An infernal demonspawn skeleton (Crypt:1)
  11 porcupines
  A floating eye (shapeshifter) (Vaults:5)
  4 spiny frog skeletons
  3 snapping turtle zombies
  87 hell hounds
  3 swamp dragon zombies
  15 ice beasts
  A slave (D:5)
  60 orc warriors
  5 sky beasts
  A spriggan simulacrum (Depths:2)
  2 alligator simulacra (Coc:7)
  An ogre (shapeshifter) (Depths:1)
  7 phantoms
  3 black bears (Lair:6)
  6 eyes of draining
  20 wolves
  8 boggarts
  A fire dragon simulacrum (Crypt:3)
  31 ogres
  A lindwurm skeleton (Crypt:2)
  A swamp dragon skeleton (Coc:2)
  A snapping turtle skeleton (Crypt:1)
  15 centaurs
  21 necrophages
  A manticore skeleton (Coc:7)
  A dream sheep skeleton (Crypt:1)
  13 crocodiles
  9 small abominations
  2 big kobolds
  22 bullfrogs
  An elf zombie (Dis:7)
  9 earth elementals
  A spiny frog simulacrum (Hell)
  A spriggan zombie (Coc:7)
  33 killer bees
  71 wights
  4 electric eels
  3 howler monkeys
  4 bullfrog zombies
  18 crimson imps
  5 starcursed masses (Abyss:2)
  4 quasits
  8 hounds
  4 jellies (Lair:5)
  2 bullfrog skeletons
  6 human zombies
  31 orc priests
  45 iron imps
  8 centaur skeletons
  4 iguanas
  14 hell rats
  27 orc wizards
  A human skeleton (Coc:7)
  15 worker ants
  A troll simulacrum (Coc:3)
  A big kobold zombie (Crypt:1)
  A naga zombie (Dis:7)
  2 hound zombies
  2 ogre skeletons
  A tengu skeleton (Crypt:1)
  3 hound skeletons
  20 mummies
  3 worker ant zombies
  27 adders
  11 river rats (Lair:1)
  14 shadow imps
  24 white imps
  An ufetubus (Abyss:2)
  An ooze (D:4)
  A worm zombie (Crypt:1)
  2 adder zombies
  3 worms
  A barachi skeleton (Crypt:2)
  2 leopard geckos
  107 orcs
  A ball python (D:2)
  4 giant cockroaches
  12 hobgoblins
  7 jackals
  15 kobolds
  10 quokkas
  A river rat zombie (Crypt:2)
  13 bats
  4 frilled lizards
  A frilled lizard skeleton (Crypt:1)
  3 goblins
  A jackal skeleton (Crypt:2)
  2 kobold skeletons
  A kobold zombie (Dis:5)
  A leopard gecko zombie (D:5)
  An orc zombie (Hell)
  A quokka skeleton (D:2)
  16 rats
  3 crawling corpses (Vaults:5)
  10 fungi
  6 plants
  A tentacle (Coc:2)
4521 creatures vanquished.

Vanquished Creatures (collateral kills)
  A reaper (Hell)
  2 orc knights (Vaults:3)
  2 orc warriors (Vaults:3)
5 creatures vanquished.

Vanquished Creatures (others)
  A shard shrike (Zot:5)
  An Ice Fiend (Coc:7)
  A titan (Vaults:5)
  An eldritch tentacle (Coc:2)
  An ancient champion (Dis:7)
  2 fire giants (Vaults:5)
  An ironheart preserver (Vaults:2)
  2 elemental wellsprings (Coc:7)
  A vampire knight (Crypt:3)
  A stone giant (Vaults:5)
  A red draconian (Zot:2)
  A deep elf annihilator (Elf:3)
  A quicksilver dragon zombie (Coc:7)
  A vampire mage (Depths:4)
  A hell hog (Hell)
  A hell knight (Depths:5)
  A sea snake (Shoals:4)
  An ironbrand convoker (Vaults:5)
  An orb spider (Spider:1)
  An ugly thing (D:15)
  A jumping spider (Spider:1)
  A merfolk (Shoals:4)
  2 flying skulls (Coc:7)
  A shadow (Tar:6)
  A redback (Spider:4)
  An air elemental (D:11)
  2 water elementals
  A black mamba skeleton (Crypt:1)
  A floating eye (shapeshifter) (Depths:5)
  A slave (D:5)
  An orc warrior (Vaults:3)
  An ogre (Depths:3)
  A boggart (Vaults:2)
  A small abomination (Abyss:2)
  An electric eel (D:11)
  2 orcs
  A bush (Lair:3)
  17 fungi
  22 plants
  28 tentacles
  4 withered plants
113 creatures vanquished.

Grand Total: 4639 creatures vanquished

Notes
Turn   | Place    | Note
-------+----------+-------------------------------------------
     0 | D:1      | poire the Gargoyle Fighter began the quest for the Orb.
     0 | D:1      | Reached XP level 1. HP: 14/14 MP: 1/1
   252 | D:1      | Reached XP level 2. HP: 12/19 MP: 2/2
   864 | D:2      | Reached XP level 3. HP: 23/23 MP: 3/3
   943 | D:2      | Found a stormy altar of Qazlal.
  1065 | D:2      | Reached XP level 4. HP: 26/28 MP: 4/4
  1600 | D:2      | Reached skill level 5 in Maces & Flails
  1610 | D:2      | Reached XP level 5. HP: 32/32 MP: 5/5
  1815 | D:3      | Found an ornate altar of the Wu Jian Council.
  2097 | D:3      | Found an opulent altar of Gozag.
  2099 | D:3      | Found a hide-covered altar of Uskayaw.
  2429 | D:3      | Found a sacrificial altar of Ru.
  2519 | D:4      | Noticed Grinder
  2558 | D:3      | Reached XP level 6. HP: 37/37 MP: 6/6
  2588 | D:3      | Paralysed by Grinder for 3 turns
  2594 | D:3      | Killed Grinder
  2594 | D:3      | Reached XP level 7. HP: 41/41 MP: 7/7
  3071 | D:5      | Entered Level 5 of the Dungeon
  3218 | D:5      | Noticed Pikel
  3253 | D:5      | Killed Pikel
  3253 | D:5      | Reached XP level 8. HP: 46/46 MP: 8/8
  3258 | D:5      | Found a runed translucent gate.
  3258 | D:5      | Found a runed translucent gate.
  3258 | D:5      | Found a runed translucent gate.
  3259 | D:5      | Noticed Iamsoldier's ghost (novice DrTm)
  3260 | D:5      | Noticed Nilihum's ghost (novice OgBe)
  3292 | D:5      | Reached skill level 10 in Maces & Flails
  3382 | D:5      | Noticed Eustachio
  3473 | D:5      | Killed Eustachio
  3473 | D:5      | Reached skill level 4 in Fighting
  3522 | D:5      | Reached skill level 5 in Fighting
  3606 | D:5      | Found a glowing golden altar of the Shining One.
  3659 | D:5      | Noticed Edmund
  3681 | D:5      | Killed Edmund
  3713 | D:5      | Reached skill level 6 in Fighting
  3765 | D:5      | Found an ancient bone altar of Kikubaaqudgha.
  3766 | D:5      | Found a burning altar of Makhleb.
  3805 | D:5      | Found a blossoming altar of Fedhas.
  3808 | D:5      | Found a bloodstained altar of Trog.
  3819 | D:5      | Reached XP level 9. HP: 53/56 MP: 9/9
  3980 | D:5      | Found Xuheacw's General Store.
  3985 | D:5      | Bought a +2 chain mail of cold resistance for 215 gold
                  | pieces
  3985 | D:5      | Bought a ration for 50 gold pieces
  4113 | D:6      | Reached skill level 7 in Fighting
  4177 | D:6      | Found a staircase to the Ecumenical Temple.
  4186 | Temple   | Entered the Ecumenical Temple
  4236 | Temple   | Became a worshipper of Cheibriados the Contemplative
  4644 | D:6      | Found a shimmering blue altar of Sif Muna.
  4750 | D:6      | Reached skill level 8 in Fighting
  4878 | D:6      | Reached * piety under Cheibriados
  5560 | D:7      | Got a smoking war axe
  5574 | D:7      | Reached skill level 9 in Fighting
  5598 | D:7      | Reached skill level 10 in Fighting
  5621 | D:7      | Reached XP level 10. HP: 59/68 MP: 10/10
  6170 | D:8      | Reached skill level 11 in Fighting
  6212 | D:8      | Reached ** piety under Cheibriados
  6404 | D:8      | Reached skill level 12 in Fighting
  6837 | D:9      | Noticed a two-headed ogre
  6850 | D:9      | Killed a two-headed ogre
  6913 | D:9      | Noticed a death yak
  6914 | D:9      | Noticed a death yak
  6915 | D:9      | Noticed a death yak
  6917 | D:9      | Noticed a death yak
  6935 | D:8      | Killed a death yak
  6935 | D:8      | Reached skill level 13 in Fighting
  7073 | D:9      | Noticed a death yak
  7100 | D:8      | Reached *** piety under Cheibriados
  7156 | D:8      | Killed a death yak
  7160 | D:8      | Killed a death yak
  7160 | D:8      | Reached skill level 14 in Fighting
  7160 | D:8      | Reached XP level 11. HP: 67/80 MP: 11/11
  7163 | D:8      | Killed a death yak
  7185 | D:9      | Noticed a death yak
  7196 | D:9      | Killed a death yak
  7211 | D:8      | Killed a death yak
  7211 | D:8      | Reached skill level 15 in Fighting
  7595 | D:9      | Found a staircase to the Lair.
  7703 | D:9      | Found a burning altar of Makhleb.
  7706 | D:9      | Reached **** piety under Cheibriados
  7735 | D:10     | Entered Level 10 of the Dungeon
  7904 | D:10     | Found a staircase to the Orcish Mines.
  7937 | D:10     | Reached ***** piety under Cheibriados
  7945 | D:10     | Reached skill level 16 in Fighting
  8083 | D:10     | Noticed a deep elf mage
  8086 | D:10     | Noticed a centaur warrior
  8093 | D:10     | Killed a centaur warrior
  8095 | D:10     | Noticed a green ugly thing
  8096 | D:10     | Killed a deep elf mage
  8107 | D:10     | Killed a green ugly thing
  8127 | D:10     | Reached XP level 12. HP: 77/90 MP: 12/12
  8141 | D:10     | Reached skill level 17 in Fighting
  8220 | D:10     | Identified the +9 war axe "Dukk" {pain, Str+2 Dex+3} (You
                  | found it on level 7 of the Dungeon)
  8478 | D:10     | Noticed a two-headed ogre
  8485 | D:10     | Killed a two-headed ogre
  8728 | D:11     | Reached skill level 5 in Shields
  8778 | D:11     | Noticed Gastronok
  8794 | D:11     | Killed Gastronok
  8872 | D:11     | HP: 2/91 [red ugly thing (20)]
  9577 | D:11     | Reached ****** piety under Cheibriados
  9652 | D:11     | Found a large runed translucent door.
  9652 | D:11     | Found a large runed translucent door.
 10053 | D:12     | Reached skill level 10 in Shields
 10330 | D:12     | Reached XP level 13. HP: 87/96 MP: 13/13
 10650 | D:12     | Reached skill level 5 in Armour
 11485 | D:13     | Reached skill level 1 in Dodging
 11680 | D:13     | Found a gate to the Vaults.
 12035 | D:14     | Reached skill level 5 in Dodging
 12207 | D:14     | Gained mutation: Your large and strong wings let you fly
                  | indefinitely. [Gargoyle growth]
 12207 | D:14     | Reached XP level 14. HP: 102/102 MP: 14/14
 12293 | D:14     | Found a shadowy altar of Dithmenos.
 12441 | D:14     | Got a translucent brass amulet
 12461 | D:14     | Identified the amulet of Symmetry {Gourm rC++ Str+4} (You
                  | found it on level 14 of the Dungeon)
 12749 | D:15     | Entered Level 15 of the Dungeon
 13145 | D:15     | Found a frozen archway.
 13553 | D:15     | Noticed Nessos
 13572 | D:15     | Killed Nessos
 13581 | D:15     | Found a snail-covered altar of Cheibriados.
 13669 | D:15     | Found a staircase to the Depths.
 13695 | D:15     | Reached skill level 15 in Shields
 13891 | D:15     | Found a shattered altar of Ashenzari.
 14047 | D:15     | Got a crude chain mail
 14058 | D:15     | Identified the +1 chain mail "Daloick" {*Corrode rElec rC+}
                  | (You found it on level 15 of the Dungeon)
 14188 | Lair:1   | Entered Level 1 of the Lair of Beasts
 14239 | Lair:1   | Reached skill level 1 in Axes
 14511 | Lair:1   | Got a wavering iron ring
 14513 | Lair:1   | Identified the ring of Loohoexo {AC+3 Str+2} (You found it
                  | on level 1 of the Lair of Beasts)
 15209 | Lair:2   | Reached XP level 15. HP: 107/107 MP: 15/15
 15928 | Lair:3   | Found a hole to the Spider Nest.
 16058 | Lair:3   | Noticed Rupert
 16066 | Lair:3   | Killed Rupert
 16240 | Lair:4   | Found a staircase to the Shoals.
 16404 | Lair:4   | Reached skill level 1 in Invocations
 16608 | Lair:4   | Reached skill level 5 in Invocations
 17334 | Lair:5   | Found a runed translucent door.
 17334 | Lair:5   | Found a viscous altar of Jiyva.
 17523 | Lair:5   | Identified a scroll of acquirement
 17953 | Lair:5   | Found a staircase to the Slime Pits.
 17990 | Lair:6   | Entered Level 6 of the Lair of Beasts
 18393 | Lair:6   | Reached XP level 16. HP: 68/112 MP: 23/23
 18403 | Lair:6   | Reached skill level 10 in Invocations
 19236 | Orc:1    | Entered Level 1 of the Orcish Mines
 19389 | Orc:2    | Entered Level 2 of the Orcish Mines
 19616 | Orc:2    | Noticed Snorg
 19637 | Orc:2    | Killed Snorg
 19658 | Orc:2    | Found a staircase to the Elven Halls.
 20427 | Orc:2    | Paralysed by an orc sorcerer for 2 turns
 20480 | Orc:2    | Found Zikligott's Gadget Boutique.
 20480 | Orc:2    | Found Jeadodim's Book Shoppe.
 20482 | Orc:2    | Found Ygiefe Ecse's Antique Armour Shoppe.
 20482 | Orc:2    | Found Oloulip's Antique Armour Boutique.
 20504 | Orc:2    | Bought a pair of ancient gloves for 323 gold pieces
 20505 | Orc:2    | Bought a jewelled plate armour for 812 gold pieces
 20505 | Orc:2    | Bought a smoking cloak for 275 gold pieces
 20518 | Orc:2    | Identified the +3 pair of gloves of Words of Power {Regen+
                  | MP-9 Dex+10} (You bought it in a shop on level 2 of the
                  | Orcish Mines)
 20519 | Orc:2    | Identified the +1 plate armour "Apleq" {rN+ rCorr Stlth-}
                  | (You bought it in a shop on level 2 of the Orcish Mines)
 20551 | Orc:2    | Identified the +3 cloak of Enkefem {rCorr Dex+4} (You
                  | bought it in a shop on level 2 of the Orcish Mines)
 20558 | Orc:2    | Bought a polished scale mail for 306 gold pieces
 20571 | Orc:2    | Identified the +5 scale mail "Gywuptar" {MP+9} (You bought
                  | it in a shop on level 2 of the Orcish Mines)
 20770 | Spider:1 | Entered Level 1 of the Spider Nest
 21673 | Spider:2 | Reached XP level 17. HP: 101/118 MP: 0/27
 23139 | Spider:4 | Entered Level 4 of the Spider Nest
 23196 | Spider:4 | Reached skill level 15 in Maces & Flails
 23631 | Spider:4 | Reached skill level 1 in Evocations
 24103 | Spider:4 | Identified the +4 war axe of Cifin {chop, Dex+4 Stlth+}
                  | (You found it on level 4 of the Spider Nest)
 24619 | Spider:4 | Reached skill level 5 in Evocations
 24619 | Spider:4 | Reached XP level 18. HP: 118/124 MP: 0/28
 24940 | Spider:4 | Got a gossamer rune of Zot
 25126 | Shoals:1 | Entered Level 1 of the Shoals
 25126 | Shoals:1 | Noticed Nikola
 25142 | Shoals:1 | Killed Nikola
 25435 | Shoals:1 | Found Ajixzama's Magic Scroll Shoppe.
 25465 | Shoals:1 | Bought a scroll of identify for 32 gold pieces
 25498 | Shoals:1 | Bought a scroll of enchant armour for 120 gold pieces
 26972 | Shoals:3 | Reached skill level 5 in Axes
 27165 | Shoals:3 | Noticed a titan
 27170 | Shoals:3 | Reached XP level 19. HP: 125/128 MP: 20/29
 27443 | Shoals:4 | Entered Level 4 of the Shoals
 28085 | Shoals:4 | Got a barnacled rune of Zot
 28661 | Vaults:1 | Entered Level 1 of the Vaults
 28734 | Vaults:1 | Reached skill level 10 in Axes
 28863 | Vaults:1 | Noticed a Tzitzimitl
 28884 | Vaults:1 | Noticed a Brimstone Fiend
 29436 | Vaults:1 | Reached skill level 15 in Invocations
 29436 | Vaults:1 | Reached XP level 20. HP: 132/134 MP: 22/31
 29901 | Vaults:2 | You fall into a shaft and drop 2 floors!
 30779 | Vaults:2 | Reached skill level 10 in Armour
 30782 | Vaults:2 | Learned a level 1 spell: Infusion
 30785 | Vaults:2 | Learned a level 2 spell: Song of Slaying
 31330 | Vaults:2 | Found Farodune's Assorted Antiques.
 31334 | Vaults:2 | Bought a scroll of teleportation for 105 gold pieces
 31740 | Vaults:3 | Found a staircase to the Crypt.
 31891 | Vaults:3 | Reached XP level 21. HP: 103/140 MP: 24/33
 32048 | Vaults:3 | Found a roughly hewn altar of Beogh.
 32743 | Vaults:3 | Reached skill level 10 in Dodging
 33037 | Vaults:3 | Found Woravut's General Store.
 33053 | Vaults:3 | Bought a scroll of blinking for 112 gold pieces
 33253 | Vaults:3 | Paralysed by an ogre mage for 2 turns
 33949 | Vaults:4 | Identified the +2 ring mail "Wasinaef" {-Tele rF+ rN++}
 34069 | Vaults:4 | Found a runed translucent gate.
 34069 | Vaults:4 | Found a runed translucent gate.
 34069 | Vaults:4 | Found a runed translucent gate.
 34069 | Vaults:4 | Noticed corvin's ghost (veteran TrBe)
 34069 | Vaults:4 | Noticed theMacoje's ghost (adept OgAM)
 34070 | Vaults:4 | Noticed Kipt's ghost (adept SpFE)
 34072 | Vaults:4 | Noticed TheWoodenMan's ghost (adept GrGl)
 34276 | Vaults:4 | Reached XP level 22. HP: 145/145 MP: 25/34
 35056 | Vaults:5 | Entered Level 5 of the Vaults
 35354 | Elf:1    | Entered Level 1 of the Elven Halls
 35939 | Elf:1    | Found a roughly hewn altar of Beogh.
 35986 | Elf:1    | Found a large runed translucent door.
 35986 | Elf:1    | Found a large runed translucent door.
 35990 | Elf:1    | Noticed EmberCloud's ghost (journeyman DsGl)
 36766 | Elf:2    | Found a huge runed translucent gate.
 36766 | Elf:2    | Found a huge runed translucent gate.
 36768 | Elf:2    | Found a huge runed translucent gate.
 36769 | Elf:2    | Found a huge runed translucent gate.
 36770 | Elf:2    | Found a huge runed translucent gate.
 36838 | Elf:2    | Reached skill level 18 in Fighting
 36987 | Elf:2    | Noticed Azrael
 37000 | Elf:2    | Killed Azrael
 37316 | Elf:3    | Entered Level 3 of the Elven Halls
 37581 | Elf:3    | Reached skill level 19 in Fighting
 37707 | Elf:3    | Cast into level 2 of the Abyss (a deep elf sorcerer)
 37906 | Abyss:2  | Reached XP level 23. HP: 155/155 MP: 26/35
 37933 | Abyss:2  | Paralysed by accursed screaming for 1 turns
 37952 | Elf:3    | Escaped the Abyss
 38236 | Elf:3    | Reached skill level 20 in Fighting
 38409 | Elf:3    | Found the +7 pair of quick blades "Gyre" and "Gimble"
                  | {protect}
 38412 | Elf:3    | Identified the +5 plate armour of Hedonism {rElec}
 38412 | Elf:3    | Identified the ring of the Equinox {rC+ rN+ MR+}
 38461 | Elf:3    | Identified the +1 ring mail of the Vanishing Demons {rC-
                  | MR+ Slay+2 SInv} (You found it on level 3 of the Elven
                  | Halls)
 38463 | Elf:3    | Identified the Collected Works on Orientation
 38493 | Elf:3    | Identified the +7 war axe of Iwets {flame, rPois Str-3
                  | Int+2} (You found it on level 3 of the Elven Halls)
 39231 | Vaults:5 | Reached skill level 21 in Fighting
 39461 | Vaults:4 | Learned a level 2 spell: Blink
 39464 | Vaults:4 | Learned a level 2 spell: Passwall
 39623 | Vaults:5 | Identified the +11 long sword of Disembowelment {pain, +Inv
                  | SInv}
 39748 | Vaults:5 | Found Roahelut's Antique Armour Shoppe.
 39767 | Vaults:5 | Gained mutation: Armour fits poorly on your strangely
                  | shaped body. [a shining eye]
 39833 | Vaults:5 | Reached skill level 10 in Evocations
 39853 | Vaults:5 | Reached XP level 24. HP: 137/166 MP: 26/35
 39978 | Vaults:5 | Noticed an ancient lich
 40002 | Vaults:5 | Noticed Bai Suzhen
 40005 | Vaults:5 | Killed an ancient lich
 40112 | Vaults:5 | Found Getib's Jewellery Emporium.
 40365 | Vaults:5 | Found Quox's Distillery.
 40417 | Vaults:5 | Bought a potion of heal wounds for 105 gold pieces
 40704 | Vaults:5 | Killed Bai Suzhen
 40945 | Vaults:5 | Got a silver rune of Zot
 41567 | Depths:1 | Entered Level 1 of the Depths
 41598 | Depths:1 | Reached skill level 1 in Stealth
 41622 | Depths:1 | Found a gateway to a ziggurat.
 41664 | Depths:1 | Reached skill level 5 in Stealth
 42139 | Depths:1 | Found a gateway to Hell.
 42366 | Depths:1 | Reached skill level 10 in Stealth
 42443 | Depths:1 | Found Ogriuthre's Gadget Shop.
 42444 | Depths:1 | Found Obaytogapt's Jewellery Emporium.
 42444 | Depths:1 | Found Utissim's Jewellery Emporium.
 42546 | Depths:2 | Found a runed translucent door.
 42547 | Depths:2 | Noticed Honoawumm's ghost (adept TrMo)
 42695 | Depths:2 | Reached XP level 25. HP: 150/172 MP: 26/35
 42800 | Depths:2 | Paralysed by a floating eye for 3 turns
 42811 | Depths:2 | Paralysed by a floating eye for 3 turns
 42834 | Depths:2 | Paralysed by a floating eye for 2 turns
 42954 | Depths:2 | Paralysed by something for 7 turns
 43522 | Depths:2 | Reached skill level 15 in Stealth
 43640 | Depths:2 | Killed Honoawumm's ghost
 43642 | Depths:2 | Identified the Handbook of Congealing Clay
 43989 | Depths:3 | Found a one-way gate leading to the halls of Pandemonium.
 44314 | Depths:3 | Noticed Mara
 44318 | Depths:3 | Noticed poire's illusion
 44375 | Depths:3 | Killed Mara
 45199 | Depths:4 | Noticed an ancient lich
 45211 | Depths:4 | Reached XP level 26. HP: 177/177 MP: 26/35
 45232 | Depths:4 | Killed an ancient lich
 45643 | Depths:4 | Found a corrupted altar of Lugonu.
 45643 | Depths:4 | Found a one-way gate to the infinite horrors of the Abyss.
 45763 | Depths:4 | Found a runed translucent door.
 45847 | Depths:4 | Reached skill level 1 in Crossbows
 45872 | Depths:4 | Identified The Second Course in Witchcraft
 45905 | Depths:4 | Got a steaming zirconium amulet
 45906 | Depths:4 | Identified the amulet "Teefoang" {Inacc Int+4} (You found
                  | it on level 4 of the Depths)
 46001 | Depths:5 | Entered Level 5 of the Depths
 46145 | Depths:5 | Reached skill level 5 in Crossbows
 46170 | Depths:5 | Noticed the Enchantress
 46214 | Depths:5 | Killed the Enchantress
 46697 | Vaults:4 | Killed Kipt's ghost
 46716 | Vaults:4 | Killed corvin's ghost
 46717 | Vaults:4 | Killed theMacoje's ghost
 46726 | Vaults:4 | Identified the cursed +1 war axe "Kusul" {drain, rF+} (You
                  | found it on level 4 of the Vaults)
 46908 | Vaults:4 | Killed TheWoodenMan's ghost
 46996 | Vaults:5 | Upgraded the game from 0.24.0-35-gdb84b6a5db to
                  | 0.24.0-37-gcf1ca852f1
 47389 | Depths:5 | Found a portal to a secret trove of treasure.
 47562 | Depths:5 | Paralysed by something for 5 turns
 47678 | Depths:5 | Paralysed by a floating eye for 3 turns
 47696 | Depths:5 | Reached skill level 10 in Crossbows
 47965 | Depths:5 | Identified a +1 pair of boots of running (You found it on
                  | level 5 of the Depths)
 48144 | Depths:5 | Found a gate to the Realm of Zot.
 48665 | Vaults:3 | Bought a potion of haste for 150 gold pieces
 48665 | Vaults:3 | Bought a scroll of enchant weapon for 112 gold pieces
 48783 | Vaults:5 | Bought 2 potions of might for 168 gold pieces
 48783 | Vaults:5 | Bought a potion of curing for 63 gold pieces
 48783 | Vaults:5 | Bought 2 potions of haste for 420 gold pieces
 49797 | Depths:5 | You paid a toll of 7 potions of haste to enter a treasure
                  | trove
 49798 | Trove    | Entered a treasure trove
 49801 | Trove    | Found the ring of Shadows {Umbra +Inv Stlth+}
 49803 | Trove    | Got a scintillating golden amulet
 49807 | Trove    | Got a vibrating bone ring
 49809 | Trove    | Got a steaming copper ring
 49813 | Trove    | Got a wavering ruby amulet
 49819 | Trove    | Got a slimy steel ring
 49823 | Trove    | Got a pitted pewter ring
 49829 | Trove    | Identified the amulet "Moisk" {Reflect rF++ rN+ SH+2} (You
                  | found it in a treasure trove)
 49830 | Trove    | Identified the ring "Hagonop" {rElec Str+4 Dex+4 SInv} (You
                  | found it in a treasure trove)
 49831 | Trove    | Identified the amulet "Jaream" {Faith rC+ Int-3 Dex+4
                  | Slay+2} (You found it in a treasure trove)
 49832 | Trove    | Identified the ring "Soskij" {rElec rC+ Str+3 SInv} (You
                  | found it in a treasure trove)
 49833 | Trove    | Identified the ring of Demons {rPois rF+ MR+ Int+3} (You
                  | found it in a treasure trove)
 49834 | Trove    | Identified the ring "Uphokloh" {Str+2 Int+3 SInv} (You
                  | found it in a treasure trove)
 50269 | Slime:1  | Entered Level 1 of the Pits of Slime
 50269 | Slime:1  | Found a viscous altar of Jiyva.
 50278 | Slime:1  | Gained mutation: Your magical capacity is low. (-10% MP) [a
                  | shining eye]
 50611 | Slime:2  | Gained mutation: Scrolls take you a little longer to read.
                  | [a shining eye]
 50692 | Slime:2  | Gained mutation: You tend to lose your temper in combat. [a
                  | shining eye]
 50889 | Slime:2  | Gained mutation: You are dopey. (Int -2) [a shining eye]
 50895 | Slime:2  | Gained mutation: Scrolls take you longer to read. [a
                  | shining eye]
 50937 | Slime:2  | Reached XP level 27. HP: 36/183 MP: 6/32
 51550 | Slime:3  | Gained mutation: Your body sometimes deteriorates upon
                  | taking damage. [a shining eye]
 51984 | Slime:3  | Gained mutation: You are very dopey. (Int -4) [a shining
                  | eye]
 52850 | Slime:5  | Entered Level 5 of the Pits of Slime
 53734 | Slime:5  | Noticed the Royal Jelly
 53758 | Slime:5  | Killed the Royal Jelly
 53758 | Slime:5  | Reached skill level 15 in Axes
 53798 | Slime:5  | Got a sparkling marble ring
 53800 | Slime:5  | Identified the ring of Iqism {-Tele rC+ rN++ Str+2 Dex+6}
                  | (You found it on level 5 of the Pits of Slime)
 53847 | Slime:5  | Got a slimy rune of Zot
 53851 | Slime:5  | Got a turquoise-studded chain mail
 53862 | Slime:5  | Identified the +6 chain mail of Darkness {rCorr Str-2 SInv}
                  | (You found it on level 5 of the Pits of Slime)
 53945 | Slime:5  | Got a vibrating tin amulet
 54674 | D:5      | Bought a potion of mutation for 80 gold pieces
 54674 | D:5      | Lost mutation: You are very dopey. (Int -4) [potion of
                  | mutation]
 54674 | D:5      | Lost mutation: Scrolls take you longer to read. [potion of
                  | mutation]
 54674 | D:5      | Gained mutation: Your body often deteriorates upon taking
                  | damage. [potion of mutation]
 54674 | D:5      | Gained mutation: You have a somewhat thin skeletal
                  | structure. (Dex +2, Stealth) [potion of mutation]
 54675 | D:5      | Lost mutation: Armour fits poorly on your strangely shaped
                  | body. [potion of mutation]
 54675 | D:5      | Lost mutation: Your magical capacity is low. (-10% MP)
                  | [potion of mutation]
 54675 | D:5      | Lost mutation: You tend to lose your temper in combat.
                  | [potion of mutation]
 54675 | D:5      | Gained mutation: You occasionally shout uncontrollably at
                  | your foes. [potion of mutation]
 54675 | D:5      | Gained mutation: You have a pair of small horns on your
                  | head. [potion of mutation]
 54676 | D:5      | Lost mutation: You are dopey. (Int -2) [potion of mutation]
 54676 | D:5      | Lost mutation: You have a pair of small horns on your head.
                  | [potion of mutation]
 54676 | D:5      | Lost mutation: Your body often deteriorates upon taking
                  | damage. [potion of mutation]
 54676 | D:5      | Gained mutation: You are partially covered in thin metallic
                  | scales. (AC +2) [potion of mutation]
 54676 | D:5      | Gained mutation: You are agile. (Dex +2) [potion of
                  | mutation]
 54676 | D:5      | Gained mutation: You expend magic power (3 MP) to
                  | strengthen your wands. [potion of mutation]
 54677 | D:5      | Lost mutation: Your body sometimes deteriorates upon taking
                  | damage. [potion of mutation]
 54677 | D:5      | Lost mutation: You occasionally shout uncontrollably at
                  | your foes. [potion of mutation]
 54677 | D:5      | Lost mutation: You are agile. (Dex +2) [potion of mutation]
 54677 | D:5      | Gained mutation: Your flesh is cold resistant. (rC+)
                  | [potion of mutation]
 54677 | D:5      | Lost mutation: Scrolls take you a little longer to read.
                  | [potion of mutation]
 54906 | Orc:2    | Bought a faintly humming cloak for 275 gold pieces
 54916 | Orc:2    | Identified the cursed +0 cloak "Pyecoxu" {MR++ Str-4 Int+4
                  | Dex+4} (You bought it in a shop on level 2 of the Orcish
                  | Mines)
 54943 | Orc:2    | Bought a glowing helmet for 255 gold pieces
 55389 | Zot:1    | Entered Level 1 of the Realm of Zot
 55558 | Zot:1    | Identified the amulet "Jiusug" {Faith *Contam Slay+5} (You
                  | found it on level 5 of the Pits of Slime)
 56209 | Zot:2    | Identified the +1 lajatang of Discomfort {vamp, *Corrode
                  | rPois rC+ MR+}
 56209 | Zot:2    | Identified the +1 cloak of Generosity {rPois MR++ rCorr
                  | Int-2}
 56217 | Zot:2    | Found the +8 whip "Snakebite" {curare, rPois}
 56222 | Zot:2    | Noticed Ruen's ghost (veteran MiFi)
 56242 | Zot:2    | Identified the +1 battleaxe "Doopsin" {drain, MP+9}
 56321 | Zot:2    | Found a bloodstained altar of Trog.
 56322 | Zot:2    | Identified the cursed +0 cloak "Veg Oxt" {rCorr}
 56328 | Zot:2    | Identified the +11 dire flail "Jellyslayer" {flame, Str+5
                  | SInv}
 56335 | Zot:2    | Found a transporter.
 56337 | Zot:2    | Found a transporter.
 57482 | Zot:2    | Killed Ruen's ghost
 58531 | Zot:4    | Noticed an orb of fire
 58539 | Zot:4    | Gained mutation: You are frail. (-10% HP) [an orb of fire]
 58541 | Zot:4    | Gained mutation: You are weak. (Str -2) [an orb of fire]
 58546 | Zot:4    | Gained mutation: You tend to lose your temper in combat.
                  | [an orb of fire]
 58551 | Zot:4    | Gained mutation: Potions are less effective at restoring
                  | your health. [an orb of fire]
 58553 | Zot:4    | Gained mutation: You often lose your temper in combat. [an
                  | orb of fire]
 58559 | Zot:4    | Gained mutation: Your body sometimes deteriorates upon
                  | taking damage. [an orb of fire]
 58560 | Zot:4    | Gained mutation: You are dopey. (Int -2) [an orb of fire]
 58561 | Zot:4    | Killed an orb of fire
 59062 | Zot:4    | Lost mutation: You are frail. (-10% HP) [potion of
                  | mutation]
 59062 | Zot:4    | Lost mutation: You often lose your temper in combat.
                  | [potion of mutation]
 59062 | Zot:4    | Lost mutation: Your body sometimes deteriorates upon taking
                  | damage. [potion of mutation]
 59062 | Zot:4    | Gained mutation: You evolve. [potion of mutation]
 59086 | Zot:4    | Lost mutation: You expend magic power (3 MP) to strengthen
                  | your wands. [potion of mutation]
 59086 | Zot:4    | Lost mutation: You evolve. [potion of mutation]
 59086 | Zot:4    | Lost mutation: Potions are less effective at restoring your
                  | health. [potion of mutation]
 59086 | Zot:4    | Lost mutation: You are dopey. (Int -2) [potion of mutation]
 59086 | Zot:4    | Gained mutation: You are agile. (Dex +2) [potion of
                  | mutation]
 59086 | Zot:4    | Lost mutation: You are weak. (Str -2) [potion of mutation]
 59087 | Zot:4    | Lost mutation: You are agile. (Dex +2) [potion of mutation]
 59087 | Zot:4    | Lost mutation: Your flesh is cold resistant. (rC+) [potion
                  | of mutation]
 59087 | Zot:4    | Lost mutation: You have a somewhat thin skeletal structure.
                  | (Dex +2, Stealth) [potion of mutation]
 59087 | Zot:4    | Lost mutation: You tend to lose your temper in combat.
                  | [potion of mutation]
 59087 | Zot:4    | Gained mutation: You are somewhat resistant to further
                  | mutation. [potion of mutation]
 59087 | Zot:4    | Gained mutation: You are agile. (Dex +2) [potion of
                  | mutation]
 59621 | Zot:5    | Entered Level 5 of the Realm of Zot
 59968 | Zot:5    | Identified the +4 dragonskin cloak
 59968 | Zot:5    | Noticed Tiamat
 60063 | Zot:5    | Killed Tiamat
 60631 | Zot:5    | Noticed an ancient lich
 60631 | Zot:5    | Noticed an orb of fire
 60632 | Zot:5    | Noticed an ancient lich
 60633 | Zot:5    | Noticed an orb of fire
 60644 | Zot:5    | Gained mutation: Scrolls take you a little longer to read.
                  | [an orb of fire]
 60651 | Zot:5    | Gained mutation: You are weak. (Str -2) [an orb of fire]
 60653 | Zot:5    | Gained mutation: Your body sometimes deteriorates upon
                  | taking damage. [an orb of fire]
 60663 | Zot:5    | Noticed an orb of fire
 60663 | Zot:5    | Noticed an ancient lich
 60663 | Zot:5    | Noticed an orb of fire
 60669 | Zot:5    | Gained mutation: Potions are less effective at restoring
                  | your health. [an orb of fire]
 60671 | Zot:5    | Gained mutation: Your spells are a little easier to cast,
                  | but a little less powerful. [an orb of fire]
 60806 | Zot:4    | Lost mutation: You are weak. (Str -2) [potion of mutation]
 60806 | Zot:4    | Lost mutation: You are agile. (Dex +2) [potion of mutation]
 60806 | Zot:4    | Gained mutation: You have large cloven feet. [potion of
                  | mutation]
 61232 | Crypt:1  | Entered Level 1 of the Crypt
 61583 | Crypt:1  | You fall into a shaft and drop 1 floor!
 61650 | Crypt:2  | Reached skill level 15 in Armour
 61966 | Crypt:2  | Noticed Mennas
 61986 | Crypt:2  | Killed Mennas
 62227 | Crypt:3  | Entered Level 3 of the Crypt
 62582 | Crypt:3  | Found an ancient bone altar of Kikubaaqudgha.
 62900 | Crypt:3  | Noticed an ancient lich
 62917 | Crypt:3  | Killed an ancient lich
 63204 | Crypt:3  | Identified the +10 halberd of Upheaval {freeze, Str+2 Int+5
                  | SInv}
 63250 | Crypt:3  | Found a staircase to the Tomb.
 63290 | Crypt:3  | Identified the Tome of the Escort and Good Luck
 63426 | Crypt:3  | Got a crude turquoise ring
 63428 | Crypt:3  | Got a warped bronze ring
 63430 | Crypt:3  | Identified the ring "Yla Viwe" {rN+ Int-4 Dex+4} (You found
                  | it on level 3 of the Crypt)
 63432 | Crypt:3  | Identified the ring of the Invisible Hand {rF+ rN+ Int+4}
                  | (You found it on level 3 of the Crypt)
 63676 | Crypt:1  | Found the +12 Vampire's Tooth {vamp}
 63830 | Crypt:1  | Got a clouded ivory ring
 63950 | Crypt:1  | Reached skill level 15 in Dodging
 64567 | Tomb:1   | Entered Level 1 of the Tomb of the Ancients
 64598 | Tomb:1   | Identified the ring of Naleg {rC+ rN+ Str+3 Dex+4} (You
                  | found it on level 1 of the Crypt)
 64600 | Tomb:1   | Identified the +3 scale mail of the Elven Halls {+Blink
                  | rN++ Dex-5 Slay+2} (You found it on level 1 of the Tomb of
                  | the Ancients)
 64667 | Tomb:1   | Paralysed by a sphinx for 5 turns
 65320 | Tomb:1   | Noticed a greater mummy
 65340 | Tomb:1   | Killed a greater mummy
 65668 | Tomb:1   | Noticed Boris
 65680 | Tomb:1   | Killed Boris
 65911 | Tomb:1   | Reached skill level 22 in Fighting
 65952 | Tomb:1   | Noticed a greater mummy
 65974 | Tomb:1   | Killed a greater mummy
 66829 | Crypt:3  | Lost mutation: Your body sometimes deteriorates upon taking
                  | damage. [potion of mutation]
 66829 | Crypt:3  | Lost mutation: Your spells are a little easier to cast, but
                  | a little less powerful. [potion of mutation]
 66829 | Crypt:3  | Lost mutation: Scrolls take you a little longer to read.
                  | [potion of mutation]
 66829 | Crypt:3  | Gained mutation: Your flesh is cold resistant. (rC+)
                  | [potion of mutation]
 67219 | Hell     | Entered the Vestibule of Hell
 67219 | Hell     | Noticed Geryon
 67286 | Hell     | Killed Geryon
 67441 | Hell     | Found a gateway to the decaying netherworld of Tartarus.
 67538 | Hell     | Reached skill level 23 in Fighting
 67647 | Hell     | Found a gateway to the freezing wastes of Cocytus.
 67750 | Hell     | Found a gateway to the Iron City of Dis.
 67793 | Hell     | Found a gateway to the ashen valley of Gehenna.
 67949 | Dis:1    | Entered Level 1 of the Iron City of Dis
 68356 | Dis:1    | Reached skill level 24 in Fighting
 69640 | Dis:2    | You fall into a shaft and drop 1 floor!
 70132 | Dis:3    | Reached skill level 1 in Spellcasting
 70706 | Dis:4    | Reached skill level 5 in Spellcasting
 71078 | Dis:4    | Gained mutation: Scrolls take you a little longer to read.
                  | [mutagenic glow]
 71103 | Dis:4    | Gained mutation: You tend to lose your temper in combat.
                  | [mutagenic glow]
 71135 | Dis:4    | Gained mutation: Your magical capacity is low. (-10% MP)
                  | [mutagenic glow]
 71704 | Dis:4    | Reached skill level 10 in Spellcasting
 72339 | Dis:7    | Entered Level 7 of the Iron City of Dis
 73925 | Dis:7    | Reached skill level 25 in Fighting
 74655 | Dis:7    | Got a clouded granite ring
 74657 | Dis:7    | Got a heavily runed lead amulet
 74659 | Dis:7    | Identified the amulet "Adan" {Gourm rPois rF- Int+7 SInv}
                  | (You found it on level 7 of the Iron City of Dis)
 74663 | Dis:7    | Identified the ring "Yngaenk" {+Blink rN+ MR+++ EV+4 Str-5}
                  | (You found it on level 7 of the Iron City of Dis)
 74922 | Dis:7    | Identified the +4 staff of Dispater
 74922 | Dis:7    | Noticed Dispater
 75237 | Dis:7    | Killed Dispater
 75285 | Dis:7    | Got an iron rune of Zot
 76106 | Dis:7    | Got a transparent platinum ring
 76123 | Dis:7    | Got an encrusted morningstar
 76124 | Dis:7    | Identified the +5 morningstar "Wuuqaach" {venom, rPois rC+}
                  | (You found it on level 7 of the Iron City of Dis)
 76137 | Dis:7    | Got a crude brass ring
 76141 | Dis:7    | Got a pitted garnet amulet
 76143 | Dis:7    | Identified the ring of Atheism {rPois rF+ rN+} (You found
                  | it on level 7 of the Iron City of Dis)
 76147 | Dis:7    | Identified the amulet of Byseg {rN+++ Regen+ Str-3 Int+4
                  | Stlth+} (You found it on level 7 of the Iron City of Dis)
 76173 | Dis:7    | Identified the ring "Gyxo" {rPois Int+4} (You found it on
                  | level 7 of the Iron City of Dis)
 76796 | Coc:1    | Entered Level 1 of Cocytus
 79237 | Coc:7    | Entered Level 7 of Cocytus
 80704 | Coc:7    | Noticed Antaeus
 80932 | Coc:7    | Killed Antaeus
 80937 | Coc:7    | Got an icy rune of Zot
 81398 | Tar:1    | Entered Level 1 of Tartarus
 82141 | Tar:6    | Noticed an ancient lich
 82272 | Tar:6    | Killed an ancient lich
 82637 | Tar:7    | Entered Level 7 of Tartarus
 82695 | Tar:7    | Noticed an ancient lich
 82876 | Tar:7    | Reached skill level 1 in Conjurations
 82895 | Tar:7    | Noticed Ereshkigal
 82927 | Tar:7    | Paralysed by Ereshkigal for 2 turns
 82934 | Tar:7    | HP: 5/289 [Tzitzimitl[the effects of Hell] (10)]
 82934 | Tar:7    | Slain by Ereshkigal

Levels and vault maps discovered:
D:1:      mrwooster_arrival_statue_2, layout_basic, corner_web_ring,
          minmay_hexomino_u4
D:2:      layout_basic, nicolae_qazlal_general_emergency
D:3:      layout_basic, chequers_temple_overflow_statue_of_worship,
          lemuel_doored_altar, minmay_misc_feat_roman, nicolae_ru_awakened_eye
D:4:      layout_rooms, first_ration, uniq_grinder
D:5:      layout_loops_ring, nicolae_overflow_hidden_temple,
          gammafunk_ghost_cemetery, serial_shops, kennysheep_little_box,
          nicolae_tso_swordbearing_angel, uniq_edmund, uniq_eustachio,
          uniq_pikel
D:6:      layout_basic, overflow_temple_1_default, minmay_temple_entry_poolview,
          serial_co_window_serial, co_window_of_opportunity_a,
          co_window_of_opportunity_a, co_window_corner_a, co_window_paths_a,
          co_window_paths_b, co_window_2corner, co_window_2corner,
          co_window_paths_c, co_window_corner_ca, co_window_corner_cb,
          co_window_paths_d, co_window_4corner_a, glass_columns_a,
          glass_columns_a, glass_columns_b, glass_columns_b
D:7:      minmay_general_purpose_star, layout_loops_ring
D:8:      layout_basic
D:9:      layout_cave_pools, dpeg_lair_monsters, makhleb_blood_cavern_becter
D:10:     minmay_bloctagon, layout_cave_pods, david_orc_2, david_nohive_1
D:11:     layout_basic, grunt_ministairs_9, lightli_elemental_guards,
          uniq_gastronok
D:12:     kennysheep_ambush_hall, layout_basic, minmay_orc_keep
D:13:     layout_roguey, david_vaults_1, nooodl_orcs_dogs
D:14:     layout_long_grid, grunt_dithmenos_smoke_and_mirrors
D:15:     grunt_enter_depths_magical_seal, layout_irregular_city, serial_ice,
          serial_ice_l, serial_ice_e, serial_ice_g, serial_ice_a, serial_ice_c,
          serial_ice_d, serial_ice_n, serial_ice_h,
          portal_ice_cave_entry_pillars_1, cheibriados_altar_1,
          kennysheep_flooded_box, lemuel_flame_loot_1, uniq_nessos
Temple:   dshaligram_water_room_temple
Lair:1:   lemuel_ratsnest, layout_chaotic_city
Lair:2:   layout_regular_city, minivault_11, grunt_forest_small_clearings,
          chequers_serial_rivers_micro_a, grunt_megastairs_3, lemuel_fruit_tree
Lair:3:   layout_roguey, dummy_spider_entry, uniq_rupert
Lair:4:   minmay_lair_venomous_thicket, layout_regular_city,
          elwin_shoals_entry_rocks, beast_lair_carwin_8, lemuel_fruit_fields
Lair:5:   layout_regular_city, slime_altar_2, chequers_serial_rivers_marsh
Lair:6:   minmay_lair_end_enchanted_forest, layout_regular_city,
          grunt_forest_small_clearing_treed
Shoals:1: layout_shoals, serial_shops, shop, nicolae_shoals_dead_sea_scrolls,
          uniq_nikola
Shoals:2: cheibrodos_shoals_oceanic_diplomacy, layout_shoals, ldierk_geyser
Shoals:3: cheibrodos_shoals_gigantism, layout_shoals,
          nicolae_shoals_this_corrosion
Shoals:4: shoals_end_grunt_ice, layout_shoals
Spider:1: layout_spider_delve
Spider:2: layout_spider_delve, hangedman_stitches_earthworm
Spider:3: layout_spider_delve, nicolae_spider_cling_halls
Spider:4: spider_rune_water, hangedman_spider_tarantella_strand
Slime:1:  layout_caves, basic_altar
Slime:2:  layout_caves, cheibrodos_slime_lost_civilization_5
Slime:3:  layout_caves
Slime:4:  layout_caves, nicolae_slime_phagocytosis
Slime:5
Orc:1:    layout_caves
Orc:2:    grunt_orc_tribal_feast, layout_caves, uniq_snorg
Elf:1:    minmay_elf_arrival_circle, layout_loops_corners, special_room
          [special_room_orc], ebering_ghost_disaster_area
Elf:2:    layout_geoelf_grid, minmay_misc_feat_columns, uniq_azrael
Elf:3:    minmay_elf_hall_statues, layout_gridlike
Vaults:1: nicolae_vaults_little_squares_5, ontoclasm_vaults_tryst,
          vaults_room_door_hall, v_misc_14, v_alt_pattern_1,
          grunt_vaults_funnel, nicolae_vaults_asterisk, layout_vaults_big_room
Vaults:2: v_misc_31, nicolae_vaults_sealed_display, st_smaller_cells,
          grunt_vaults_diagonal, v_misc_5, vaults_dpeg_diagonal,
          nicolae_vaults_yaktaur_gun_rack, vaults_room_stairs_pillars,
          vaults_dpeg_ring, nicolae_vaults_border_crossing,
          nicolae_vaults_asterisk, layout_vaults_omnigrid, serial_shops, shop
Vaults:3: special_room_vaults [special_room_orc],
          minmay_crypt_entry_simple_plaza, v_misc_8, v_rooms_2,
          grunt_vaults_focal, vaults_room_pools, vaults_room_door_hall,
          nicolae_vaults_ring_of_whatevers, hangedman_vaults_stitches,
          ontoclasm_vaults_claustrophobia, vaults_room_door_ring,
          nicolae_vaults_asterisk, dpeg_vaults_monster_row,
          layout_vaults_omnicross, serial_shops, nicolae_shop_trees
Vaults:4: gammafunk_vaults_ghost_cemetery, nicolae_vaults_ninety_degrees,
          vaults_room_hangedman_quadrants, v_rooms_4,
          nicolae_vaults_network_square, ontoclasm_vaults_spin, v_misc_16,
          hangedman_vaults_slice, layout_vaults_omnibox
Vaults:5: uniq_bai_suzhen
Crypt:1:  minmay_skeleton_keep, layout_chaotic_city,
          minmay_guarded_unrand_vampires_tooth, grunt_crypt_arrival_webbed
Crypt:2:  layout_rooms, uniq_mennas
Crypt:3:  grunt_crypt_end_deaths_head
Tomb:1:   uniq_boris
Depths:1: layout_roguey, enter_ziggurat_f, pf_coc_iceberg, hangedman_decor_push,
          st_stairs_14, hangedman_abyss_or_decor_clamps, dpeg_stationary_puzzle,
          firewood_loft, minmay_shop_grove
Depths:2: minmay_the_grid_3x2 [minmay_the_grid_slots,
          minmay_the_grid_minigrid_large, minmay_the_grid_artifice,
          minmay_the_grid_minigrid_small, minmay_the_grid_paths,
          minmay_the_grid_prize_shrinking_boxes], layout_gridville, hell_entry,
          kennysheep_decorative_pillar, gammafunk_ghost_grave
Depths:3: kennysheep_spiral_hall, layout_cross, grunt_decor_cap,
          grunt_hell_entry_demonic_statue, rand_demon_pan_entry_9, uniq_mara
Depths:4: minmay_broken_ring, layout_long_grid, fountainhead, hell_entry,
          abyss_entry_flame_altar, minmay_crystal_box
Depths:5: grunt_zot_entry_gee_three, layout_basic, enter_trove_1,
          nrook_mini_backslash, hell_entry, minmay_fractal_squares_diagonal_5,
          uniq_enchantress
Hell
Dis:1:    layout_regular_city, hangedman_dis_decor_blocks_talon
Dis:2:    layout_gridville, evilmike_ambush [evilmike_ambush_outer_basic,
          evilmike_ambush_inner_basic]
Dis:3:    layout_regular_city
Dis:4:    grunt_deathspiral_small, layout_jigsaw
Dis:5:    layout_overlapping_boxes
Dis:6:    layout_jigsaw, hangedman_player_shredder
Dis:7:    iron_city_of_dis [dis_old, dis_wall_1], layout_chaotic_city
Coc:1:    layout_ice_bergs
Coc:2:    layout_cocytus_water_paths
Coc:3:    layout_cocytus_water_paths
Coc:4:    layout_ice_bergs
Coc:5:    layout_ice_bergs
Coc:6:    layout_ice_bergs
Coc:7:    coc_old
Tar:1:    layout_grid_maze
Tar:2:    layout_honeycomb
Tar:3:    layout_grid_maze
Tar:4:    layout_catacombs
Tar:5:    layout_catacombs, hangedman_snap_crack_crunch
Tar:6:    layout_grid_maze
Tar:7:    tar_grunt_cathedral
Zot:1:    layout_concentric_octagons
Zot:2:    kennysheep_blocky_room, layout_concentric_octagons,
          gammafunk_ghost_wrathful_warriors
Zot:3:    layout_twisted_circle
Zot:4:    circus_mu, layout_gridville, zot_minivault_4
Zot:5:    layout_gridlike, uniq_tiamat

Skill      XL: |  1  2  3  4  5  6  7  8  9 10 11 12 13 14 15 16 17 18 19 20 21 22 23 24 25 26 27 |
---------------+----------------------------------------------------------------------------------+-----
Maces & Flails | 3 4 5 6 7 9 10 11 13 15 | 15.8
Fighting       | 6 10 14 16 17 19 21 25 | 25.4
Shields        | 10 11 15 22 | 22.0
Armour         | 9 12 14 23 | 23.7
Dodging        | 5 9 12 14 21 | 21.2
Axes           | 3 5 11 12 20 | 20.9
Invocations    | 9 14 15 17 21 | 21.3
Evocations     | 5 7 10 14 | 14.0
Stealth        | 11 19 20 | 20.5
Crossbows      | 10 | 10.1
Spellcasting   | 14 | 14.0
Conjurations   | 2 |  2.3

Action                   |  1- 3 |  4- 6 |  7- 9 | 10-12 | 13-15 | 16-18 | 19-21 | 22-24 | 25-27 || total
-------------------------+-------+-------+-------+-------+-------+-------+-------+-------+-------++-------
Melee: Flail             |   125 |   210 |   425 |   416 |    31 |       |       |       |       ||  1207
       War axe           |       |       |       |   192 |  1047 |  1597 |  1575 |  1746 |  9356 || 15513
       Unarmed           |       |       |       |       |       |       |       |       |    11 ||    11
 Fire: Hand crossbow     |       |       |       |       |       |    25 |       |       |    47 ||    72
 Cast: Infusion          |       |       |       |       |       |       |       |       |     1 ||     1
Invok: Slouch            |       |       |       |       |       |     6 |     7 |     3 |    23 ||    39
       Step From Time    |       |       |       |       |       |       |       |       |     1 ||     1
       Temporal Distorti |       |       |       |       |       |       |       |       |     1 ||     1
 Abil: Fly               |       |       |       |       |       |       |       |       |     3 ||     3
       Stop Flying       |       |       |       |       |       |       |       |       |     3 ||     3
Evoke: Wand              |       |       |       |    17 |     5 |    25 |     5 |     6 |    37 ||    95
       Phantom mirror    |       |       |       |       |       |       |       |       |     5 ||     5
       Sack of spiders   |       |       |       |       |       |       |       |       |     3 ||     3
       Horn of Geryon    |       |       |       |       |       |       |       |       |     2 ||     2
  Use: Scroll            |     3 |     5 |     5 |    20 |    17 |    15 |    10 |    11 |    56 ||   142
       Potion            |       |     1 |       |     5 |     6 |    14 |     4 |     2 |    57 ||    89
 Stab: Distracted        |       |       |       |       |     1 |       |       |     2 |    40 ||    43
       Sleeping          |       |       |       |       |       |       |       |       |    58 ||    58
       Invisible         |       |       |       |       |       |       |       |       |    12 ||    12
       Confused          |       |       |       |       |       |       |       |       |    13 ||    13
       Held in net/web   |       |       |       |       |       |       |       |       |     2 ||     2
  Eat: Ration            |     1 |     2 |     2 |     4 |     6 |     6 |     5 |     6 |    30 ||    62
Armor: Scale mail        |   119 |   138 |   147 |    53 |       |       |       |       |       ||   457
       Chain mail        |       |       |       |   299 |   412 |    93 |       |       |       ||   804
       Plate armour      |       |       |       |       |       |   967 |   455 |   368 |  1833 ||  3623
       Skin              |       |       |       |       |       |       |       |       |     6 ||     6
Dodge: Dodged            |    64 |    96 |   127 |   338 |   665 |  1451 |  1019 |  1081 |  5440 || 10281
Block: Shield            |   110 |   154 |   197 |   559 |  1211 |  2420 |  1661 |  1777 | 10405 || 18494
       Reflection        |       |       |       |       |       |       |       |       |   110 ||   110
